 Dungeon Crawl Stone Soup version 0.29-a0-337-g68df138881 (webtiles) character file.

Game seed: 2140060297603927441

253 bande the Covered (level 6, -1/38 HPs)
             Began as a Gargoyle Fighter on Apr 16, 2022.
             Slain by a wyvern (5 damage)
             ... on level 4 of the Dungeon.
             The game lasted 00:05:05 (3240 turns).

bande the Covered (Gargoyle Fighter)                Turns: 3240, Time: 00:05:05

Health: -1/38      AC: 15    Str: 20    XL:     6   Next: 14%
Magic:  6/6        EV:  7    Int:  8    God:
Gold:   284        SH:  9    Dex: 11    Spells: 5/5 levels left

rFire   . . .      SeeInvis .   e - +2 broad axe (elec)
rCold   . . .      Faith    .   c - +0 buckler
rNeg    + . .      Spirit   .   l - +0 chain mail
rPois   ∞          Reflect  +   (no helmet)
rElec   +          Harm     .   (no cloak)
rCorr   .          Rampage  .   (no gloves)
Will    .....                   i - +0 pair of boots
Stlth   ..........              f - amulet of reflection
HPRegen 0.12/turn               (no ring)
MPRegen 0.10/turn               (no ring)

@: no status effects
A: sickness immunity, AC +4, negative energy resistance 1, electricity
resistance, torment resistance 1, petrification resistance
a: no special abilities


You were on level 4 of the Dungeon.
You visited 1 branch of the dungeon, and saw 4 of its levels.

You collected 284 gold pieces.

Inventory:

Hand Weapons
 a - a +0 war axe
 e - a +2 broad axe of electrocution (weapon)
Armour
 c - a +0 buckler (worn)
 i - a +0 pair of boots (worn)
 l - a +0 chain mail (worn)
Jewellery
 f - an amulet of reflection (around neck)
Scrolls
 j - a scroll of magic mapping
Potions
 b - a potion of degeneration {unknown}
 d - a potion of might
 h - 2 potions of mutation {unknown}
 k - a potion of heal wounds
 m - a potion of haste
 n - a potion of cancellation {unknown}
 q - 2 potions of curing {unknown}


   Skills:
 - Level 3.7 Fighting
 + Level 4.3 Axes
 + Level 4.4 Armour
 + Level 4.1 Shields


You had 5 spell levels left.
You didn't know any spells.
Your spell library contained the following spells:

 Spells                   Type           Power      Damage    Failure   Level
 Magic Dart               Conj           0%         1d3       99%         1
 Searing Ray              Conj           0%         2d4       100%        2
 Fulminant Prism          Conj/Hex       0%         3d6       100%        4


Dungeon Overview and Level Annotations

Branches:
Dungeon (4/15)
 Temple: D:4-7

Altars:
Cheibriados

Shops:
D:1 ([:([   D:2 (


Innate Abilities, Weirdness & Mutations

You are immune to sickness and miasma.
Your stone body is resilient. (AC +4)
You are immune to poison.
You resist negative energy. (rN+)
You are resistant to electric shocks. (rElec)
You are resistant to unholy torment.
You are immune to petrification.


Message History

No target in view!
No target in view!
No target in view!
No target in view!
You see here a hobgoblin corpse.
An ogre comes into view. It is wielding a +0 giant club.
An ogre is nearby!
Okay, then.
You hit the ogre.
The ogre is lightly wounded.
You block the ogre's attack.
You hit the ogre. Lightning courses through the ogre!!
The ogre is almost dead.
The ogre barely misses you.
You hit the ogre.
The ogre is almost dead.
You block the ogre's attack.
You slash the ogre!
You kill the ogre!
Your Axes skill increases to level 4!
You have reached level 6!
Things that are here:
a +0 giant club; an ogre corpse You open the door.
Found a snail-covered altar of Cheibriados.
There is an open door here.
You open the door.
A wyvern comes into view.
There is an open door here.
You barely miss the wyvern. The wyvern bites you! x2
You closely miss the wyvern. You block the wyvern's attack.
The wyvern bites you.
You hit the wyvern but do no damage.
The wyvern bites you but does no damage.
The wyvern bites you. The wyvern bites you!
* * * LOW HITPOINT WARNING * * *
You hit the wyvern but do no damage. Lightning courses through the wyvern!
The wyvern is heavily wounded.
The wyvern barely misses you. The wyvern bites you.
You die...

#.###...## #..#.....#
##.. #.....#..####.....
......#........... .
...##.#.##.......# ..
...#..#..#......#####...
.#.....................#
.####.#.####..........#
.#.......)......@l....#
.#..#.#..#....#'###+#.#
.#.#..#.##....#.....#
###...#....#..#.≈≈≈.#
#####....##.#.....#
.......##.'.._..+
........####.....#
....^.... #.≈§≈.#
#........ #.....#


You could see a wyvern.

Vanquished Creatures
  An ogre (D:4)
  An orc priest (D:3)
  An orc wizard (D:3)
  5 adders
  3 dart slugs
  7 orcs (D:3)
  3 ball pythons
  7 endoplasms
  A giant cockroach (D:1)
  5 goblins
  3 hobgoblins
  5 kobolds
  2 quokkas
  6 bats
  3 frilled lizards (D:3)
  A rat (D:2)
  A toadstool (D:1)
55 creatures vanquished.

Vanquished Creatures (others)
  4 fungi (D:1)
  3 plants (D:1)
  A toadstool (D:1)
8 creatures vanquished.

Grand Total: 63 creatures vanquished

Notes
Turn   | Place    | Note
-------+----------+-------------------------------------------
     0 | D:1      | bande the Gargoyle Fighter began the quest for the Orb.
     0 | D:1      | Reached XP level 1. HP: 14/14 MP: 1/1
   105 | D:1      | Found Humn's Weapon Shoppe.
   158 | D:1      | Found Jeostrib's Book Emporium.
   428 | D:1      | Found Voaqeup's Antique Armour Shop.
   435 | D:1      | Reached XP level 2. HP: 19/19 MP: 2/2
   542 | D:1      | Found Rineevas's Antique Weapon Emporium.
   934 | D:1      | Found Xil Ithiy's Antique Armour Emporium.
   994 | D:2      | Identified a scroll of acquirement
   994 | D:2      | Acquired a +2 broad axe of pain
  1082 | D:2      | Reached XP level 3. HP: 18/24 MP: 3/3
  1411 | D:2      | Found Amew's Weapon Boutique.
  1430 | D:2      | Reached XP level 4. HP: 29/29 MP: 4/4
  1522 | D:2      | Found a faded altar of an unknown god.
  2131 | D:3      | Reached XP level 5. HP: 8/33 MP: 5/5
  3211 | D:4      | Noticed an ogre
  3218 | D:4      | Killed an ogre
  3219 | D:4      | Reached XP level 6. HP: 38/38 MP: 6/6
  3226 | D:4      | Found a snail-covered altar of Cheibriados.
  3234 | D:4      | Noticed a wyvern
  3240 | D:4      | Slain by a wyvern

Illustrated notes

Levels and vault maps discovered:
D:1:      lightli_arrival_statue_moat, layout_basic, serial_shops,
          nicolae_lakefront_shop, nicolae_lakefront_shop, shop_fountains,
          shop_fountains, nicolae_shop_behind_doors, minmay_gold_behind_fungi,
          minmay_misc_feat_nine_boxes, dreamdust_mushroom_princess,
          serial_bayou_pond_c
D:2:      layout_basic, serial_shops, nicolae_shop_trees,
          shapermc_ecumenical_altar_petra
D:3:      layout_loops_ring
D:4:      layout_layer_cave, zin_treasury, mainiacjoe_overflow_six_doors_small,
          nemelex_xobeh_ov_fountains_minmay, hangedman_abyss_or_decor_passed

Skill      XL: |  1  2  3  4  5 |
---------------+----------------+-----
Axes           | 2 3 4 |  4.3
Armour         | 4 |  4.4
Shields        | 4 |  4.1
Fighting       | |  3.7

Action                   |  1- 3 |  4- 6 || total
-------------------------+-------+-------++-------
Melee: War axe           |    30 |       ||    30
       Broad axe         |    41 |    65 ||   106
  Use: Scroll            |     8 |     4 ||    12
       Potion            |       |     1 ||     1
Armor: Scale mail        |    42 |    11 ||    53
       Chain mail        |       |    16 ||    16
Dodge: Dodged            |    32 |    12 ||    44
Block: Buckler           |    21 |    23 ||    44
       Reflection        |     1 |       ||     1

Table legend: (Time is in decaauts)
 A = Elapsed time spent in this place.
 B = Non-inter-level travel time spent in this place.
 C = Inter-level travel time spent in this place.
 D = Time resting spent in this place.
 E = Time spent auto-exploring this place.
 F = Levels seen in this place.
 G = Mean time per level.
                   A        B        C        D        E       F      G
               +--------+--------+--------+--------+--------+-----+--------+
         Total |   3309 |   3248 |     61 |    320 |   2409 |   4 |  827.2 |
       Dungeon |   3309 |   3248 |     61 |    320 |   2409 |   4 |  827.2 |
               +--------+--------+--------+--------+--------+-----+--------+

Top non-repeatable levels by time:
     D:3: 1198 daAuts
     D:2: 1012 daAuts
     D:1: 1010 daAuts
     D:4: 88 daAuts
